 Dungeon Crawl Stone Soup version 0.31.0-12-g77e489cdc1 (webtiles) character file.

Game seed: 5810019242065366612

75 KennySheep the Chopper (level 4, -8/40 HPs)
             Began as a Hill Orc Monk on Mar 2, 2024.
             Killed by divine providence
             ... invoked by an orc priest
              (14 damage)
             ... on level 3 of the Dungeon.
             The game lasted 00:05:32 (1927 turns).

KennySheep the Chopper (Hill Orc Monk)              Turns: 1927, Time: 00:05:32

Health: -8/40      AC:  3    Str: 13 (15) XL:     4   Next: 31%
Magic:  4/4        EV: 12    Int:  9 (10) God:
Gold:   93         SH:  0    Dex: 11 (13) Spells: 3/3 levels left

rFire   . . .        a - +0 battleaxe
rCold   . . .        (shield currently unavailable)
rNeg    . . .        b - +0 robe
rPois   .            (no helmet)
rElec   .            (no cloak)
rCorr   .            j - +0 pair of gloves
SInv    .            (no boots)
Will    .....        (no amulet)
Stlth   +            (no ring)
HPRegen 0.26/turn    (no ring)
MPRegen 0.09/turn

%: no passive effects
@: lethally poisoned (-8 -> -12)
A: no striking features
a: Convert to Beogh


You were on level 3 of the Dungeon.
You visited 1 branch of the dungeon, and saw 3 of its levels.

You collected 93 gold pieces.

Inventory:

Hand Weapons
 a - a +0 battleaxe (weapon)
 g - a +0 hand axe
Armour
 b - a +0 robe (worn)
 d - an orb of light
 j - a +0 pair of gloves (worn)
Scrolls
 h - a scroll of revelation {unknown}
 l - a scroll of teleportation {unknown}
 m - a scroll of brand weapon {unknown}
Potions
 c - a potion of ambrosia
 e - a potion of curing
 f - a potion of haste {unknown}
 i - a potion of magic {unknown}
 k - a potion of mutation {unknown}
 n - a potion of degeneration
 o - a potion of might {unknown}


   Skills:
 - Level 3.8 Fighting
 + Level 6.3 Axes
 - Level 2.5 Dodging


You had 3 spell levels left.
You didn't know any spells.
Your spell library contained the following spells:

 Spells                   Type           Power      Damage    Failure   Level
 Necrotise                Necr           0%         1d4       38%         1
 Sting                    Conj/Alch      0%         1d3       38%         1
 Cigotuvi's Dreadful Rot  Necr/Alch/Air  0%         N/A       52%         2
 Mercury Vapours          Alch/Air       0%         N/A       52%         2
 Vampiric Draining        Necr           0%         2d6       77%         3
 Ignite Poison            Fire/Alch      0%         N/A       99%         4
 Martyr's Knell           Necr/Summ      0%         N/A       99%         4
 Olgreb's Toxic Radiance  Alch           0%         N/A       99%         4
 Curse of Agony           Necr           0%         N/A       100%        5
 Freezing Cloud           Conj/Ice/Air   0%         6-21      100%        5


Dungeon Overview and Level Annotations

Branches:
Dungeon (3/15)

Altars:


Message History

The adder is almost dead.
The adder closely misses you.
You barely miss the adder.
The adder is almost dead.
The adder bites you.
You are poisoned.
The adder poisons you!
The orc wizard gestures wildly while chanting.
The orc wizard flickers and vanishes!
Deactivating autopickup; reactivate with Ctrl-A.
The adder bites you.
The orc priest threatens, "By the altar or by the axe, you will meet Beogh!"
You miss the adder.
The adder is almost dead.
You feel sick. The adder bites you.
You are more poisoned.
The adder poisons you! The adder misses you.
You miss the adder.
The adder is almost dead.
You feel very sick. The adder misses you.
The orc priest looks satisfied for a moment.
The adder misses you.
You closely miss the adder.
The adder is almost dead.
You feel very sick. The adder bites you.
You are more poisoned.
The adder poisons you! The adder barely misses you.
You miss the adder.
The adder is almost dead.
You feel very sick. The adder misses you.
You closely miss the adder.
The adder is almost dead.
You feel sick. The adder bites you.
* * * LOW HITPOINT WARNING * * *
The orc priest mumbles some strange prayers to Beogh against you.
Beogh smites you!
You die...

######.).#.## .....
###....# S..#
##..)### ...#
#.....## ###..#
#..#....####....#
#..###..o..#..#.#####
...# ###{#...........
.### #S###.######## .
#@##.........
#..#...######
......## ..##..## .##
#..# .# #... #. #.##.
# #.


You could see an orc priest and an adder.

Vanquished Creatures
  4 adders (D:2)
  A ribbon worm (D:2)
  2 dart slugs (D:2)
  2 ball pythons (D:2)
  3 endoplasms
  3 goblins
  3 quokkas
  7 bats
  5 frilled lizards
  3 kobolds
  3 rats
36 creatures vanquished.

Notes
Turn   | Place    | Note
-------+----------+-------------------------------------------
     0 | D:1      | KennySheep the Hill Orc Monk began the quest for the Orb.
     0 | D:1      | Reached XP level 1. HP: 19/19 MP: 1/1
   253 | D:1      | Reached XP level 2. HP: 24/27 MP: 2/2
   942 | D:2      | Reached skill level 5 in Axes
   942 | D:2      | Reached XP level 3. HP: 14/33 MP: 3/3
  1338 | D:2      | Reached skill level 6 in Axes
  1469 | D:2      | Reached XP level 4. HP: 39/40 MP: 4/4
  1927 | D:3      | Killed from afar by an orc priest

Illustrated notes

Levels and vault maps discovered:
D:1:      dreamdust_arrival_beginning_and_end, layout_basic
D:2:      layout_rooms, ebering_dispersal_statue_hall
D:3:      layout_rooms, lemuel_crystal_altar, serial_co_window_serial,
          co_window_paths_a, co_window_paths_b, co_window_corner_a,
          co_window_paths_a, co_window_corner_a, co_window_cross_1,
          co_window_unsneaky_path_b, co_window_2corner, co_window_corner_ca,
          co_window_4corner_b, glass_columns_a, glass_columns_a

Skill      XL: |  1  2  3 |
---------------+----------+-----
Axes           | 5 6 |  6.3
Fighting       | |  3.8
Dodging        | |  2.5

Action                     |  1- 3 |  4- 6 || total
---------------------------+-------+-------++-------
  Melee: Hand axe          |    17 |       ||    17
         Battleaxe         |    99 |    34 ||   133
    Use: Potion            |     3 |     1 ||     4
 Armour: Robe              |    86 |    20 ||   106
         Skin              |    27 |       ||    27
  Dodge: Dodged            |    79 |    31 ||   110
